 Dungeon Crawl Stone Soup version 0.20.0-8-g6b59dc7 (webtiles) character file.

294 Kosschaser the Cudgeler (level 6, -1/37 HPs)
             Began as a Gargoyle Skald on May 30, 2017.
             Killed by divine providence
             ... invoked by an orc priest
              (8 damage)
             ... on level 4 of the Dungeon.
             The game lasted 00:11:19 (3461 turns).

Kosschaser the Cudgeler (Gargoyle Skald)            Turns: 3461, Time: 00:11:19

Health: -1/37      AC:  7    Str: 14    XL:     6   Next: 34%
Magic:  9/9        EV: 12    Int: 14    God:
Gold:   145        SH:  0    Dex: 11    Spells: 8/9 levels left

rFire    . . .     SeeInvis .   a - +0 mace
rCold    . . .     Gourm    .   (no shield)
rNeg     + . .     Faith    .   b - +0 leather armour
rPois    ∞         Spirit   .   (no helmet)
rElec    +         Reflect  .   (no cloak)
rCorr    .         Harm     .   (no gloves)
MR       .....                  (no boots)
Stlth    +.........             (no amulet)
Regen    0.2/turn               (no ring)
MPRegen  0.2/turn               (no ring)

@: no status effects
A: negative energy resistance 1, electricity resistance, unbreathing,
petrification resistance, rot immunity, AC +4
a: no special abilities


You were on level 4 of the Dungeon.
You were not hungry.

You visited 1 branch of the dungeon, and saw 5 of its levels.

You collected 145 gold pieces.

Inventory:

Hand Weapons
 a - a +0 mace (weapon)
Armour
 b - a +0 leather armour (worn)
Wands
 s - a wand of random effects (33/48)
Scrolls
 h - 2 scrolls of teleportation {unknown}
 i - a scroll of immolation {unknown}
 k - 3 scrolls of remove curse {unknown}
 l - a scroll of fog {unknown}
 m - a scroll of enchant weapon {unknown}
 o - a scroll of enchant armour {unknown}
 p - 3 scrolls of identify {unknown}
 t - 3 scrolls of amnesia {unknown}
Potions
 e - a potion of lignification {unknown}
 f - a potion of haste {unknown}
 g - a potion of flight {unknown}
 j - 3 potions of curing {unknown}
 n - a potion of brilliance {unknown}
 r - a potion of ambrosia {unknown}
Books
 c - a book of Battle

   Spells                             Type                      Level
   a - Infusion                       Charms                       1
   b - Shroud of Golubria             Charms/Translocation         2
   c - Song of Slaying                Charms                       2
   d - Spectral Weapon                Hexes/Charms                 3
   e - Regeneration                   Charms/Necromancy            3
Comestibles
 d - 2 bread rations
 q - a meat ration
 u - a chunk of flesh


   Skills:
 + Level 3.5 Fighting
 + Level 4.0 Maces & Flails
 + Level 2.4 Armour
 * Level 3.0 Dodging
 + Level 2.1 Spellcasting
 + Level 3.0 Charms


You had 8 spell levels left.
You knew the following spells:

 Your Spells              Type           Power        Failure   Level  Hunger
a - Infusion              Chrm           ##..         9%          1    #......


Dungeon Overview and Level Annotations

Branches:
Dungeon (5/15)
 Temple: D:4-7

Altars:
Elyvilon
Yredelemnul

Annotations:
D:5 Rocke's ghost, novice BaFi


Innate Abilities, Weirdness & Mutations

You are resistant to torment.
Your stone body is resilient. (AC +4)
You are immune to poison.
You resist negative energy. (rN+)
You are resistant to electric shocks. (rElec)
You can survive without breathing.
You are immune to petrification.
You are immune to rotting.


Message History

A magic dart appears from out of thin air!
The magic dart hits you!
* * * LOW HITPOINT WARNING * * *
You hear some strange, mumbled words.
Something tries to affect you, but you resist.
Found 14 stones.
A crimson imp comes into view.
There is a stone staircase leading up here.
You climb upwards.
The orc shouts!
There is a stone staircase leading down here.
The orc throws a stone.
The stone misses you.
You see here a stone.
Found a stone staircase leading up.
Found 4 gold pieces.
You see here a war axe.
Found a stone staircase leading down.
The orc priest invokes the aid of Beogh against you.
Beogh smites you!
You die...

#?....#####(..#
#.....###.o.#.#
####.....o### ..
#.....## ... #....)#
....... #....[# .
...... #.....##..#
..... #........###
....) #..@..#####..
..... #..<.........
...$.
#..$.#.#...###.##.....
#........#.# #........
....>######.#
#..)##### ######
#...#.# #...###.## ###
#..# ##.####


You could see an orc priest and an orc.

Vanquished Creatures
  An orc wizard (D:4)
  A bullfrog skeleton (D:3)
  Jessica (D:3)
  An iguana (D:4)
  Ijyb (D:3)
  A worker ant (D:4)
  5 adders
  An ooze (D:2)
  2 worms
  A dart slug (D:2)
  A leopard gecko (D:1)
  4 orcs (D:3)
  7 bats
  3 giant cockroaches
  16 goblins
  6 hobgoblins
  4 jackals
  9 kobolds
  A quokka (D:3)
  2 frilled lizards
  7 rats
75 creatures vanquished.

Notes
Turn   | Place    | Note
-------+----------+-------------------------------------------
     0 | D:1      | Kosschaser the Gargoyle Skald began the quest for the Orb.
     0 | D:1      | Reached XP level 1. HP: 12/12 MP: 3/3
    72 | D:1      | Reached XP level 2. HP: 11/18 MP: 5/5
   417 | D:1      | Reached XP level 3. HP: 20/22 MP: 6/6
   793 | D:2      | Reached XP level 4. HP: 7/27 MP: 7/7
  1070 | D:2      | Reached skill level 3 in Maces & Flails
  1257 | D:2      | Found a white marble altar of Elyvilon.
  1314 | D:2      | Found a basalt altar of Yredelemnul.
  1825 | D:3      | Reached XP level 5. HP: 31/32 MP: 8/8
  2193 | D:3      | Noticed Jessica
  2209 | D:3      | Killed Jessica
  2276 | D:3      | Noticed Ijyb
  2309 | D:3      | Killed Ijyb
  2614 | D:4      | Noticed a phantom
  2880 | D:4      | Reached XP level 6. HP: 2/37 MP: 9/9
  3130 | D:4      | Reached skill level 4 in Maces & Flails
  3401 | D:5      | Entered Level 5 of the Dungeon
  3401 | D:5      | Noticed Rocke's ghost (novice BaFi)
  3461 | D:4      | Killed from afar by an orc priest

Skill      XL: |  1  2  3  4  5  6 |
---------------+-------------------+-----
Charms         | 3 |  3.0
Maces & Flails | 3 4 |  4.0
Dodging        | 2 3 |  3.0
Armour         | 2 |  2.4
Fighting       | 3 |  3.5
Spellcasting   | |  2.1

Action                   |  1- 3 |  4- 6 || total
-------------------------+-------+-------++-------
Melee: Mace              |    88 |   288 ||   376
  Eat: Chunk             |       |     9 ||     9
Armor: Leather armour    |    60 |   168 ||   228
Dodge: Dodged            |    61 |   261 ||   322
